 Dungeon Sprint DCSS version 0.19.1-1-g22dce08 (webtiles) character file.

717 dvd the Basher (level 7, -6/79 HPs)
             Began as a Troll Berserker on Jan 6, 2017.
             Was a High Priest of Trog.
             Mangled by a human
             ... wielding a +0 short sword
              (14 damage)
             ... in the Dungeon (Sprint III: "The Ten Rune Challenge").
             The game lasted 00:02:16 (239 turns).

dvd the Basher (Troll Berserker)                     Turns: 239, Time: 00:02:16

Health: -6/79      AC:  6    Str: 26    XL:     7   Next: 42%
Magic:  6/6        EV: 13    Int:  7    God:    Trog [*****.]
Gold:   19         SH:  0    Dex: 11    Spells: 0 memorised, 6 levels left

rFire  . . .     SeeInvis .     j - +2 quarterstaff (chaos)
rCold  + . .     Gourm    +     b - +0 animal skin
rNeg   . . .     Faith    .     (shield currently unavailable)
rPois  .         Spirit   .     (helmet restricted)
rElec  .         Reflect  .     k - +0 cloak
rCorr  .         Harm     .     (gloves unavailable)
MR     .....     Clarity  +     (boots unavailable)
Stlth  +......... NoTele   +    (no amulet)
                                (no ring)
                                (no ring)

@: exhausted
A: unfitting armour, claws 3, clarity, clever 2, cold resistance 1, fast
metabolism 3, gourmand, regeneration 1, shaggy fur 1, tough skin 2, evolution 1
a: Berserk, Trog's Hand, Brothers in Arms, Burn Spellbooks, Renounce Religion


You were in the Dungeon.
You worshipped Trog.
Trog was extremely pleased with you.
You were very full.

You visited 1 branch You collected 19 gold pieces.

Inventory:

Hand Weapons
 a - a +0 mace
 j - a +2 quarterstaff of chaos (weapon)
 q - a +2 long sword of holy wrath
Armour
 b - a +0 animal skin (worn)
 k - a +0 cloak (worn)
Scrolls
 i - a scroll of blinking
 m - a scroll of immolation {unknown}
 n - a scroll of fog {unknown}
 o - 2 scrolls of remove curse {unknown}
 r - a scroll of holy word {unknown}
 s - a scroll of identify {unknown}
Potions
 d - 2 potions of curing
 f - a potion of haste
 g - 2 potions of magic
 h - a potion of berserk rage
 l - a potion of mutation
 p - 5 potions of cure mutation
Comestibles
 c - 3 bread rations
 t - a royal jelly
 u - a chunk of flesh


   Skills:
 + Level 7.9 Fighting
 + Level 10.0(10.2) Maces & Flails
 + Level 2.4(6.3) Staves
 + Level 7.2 Dodging


You had 6 spell levels left.
You didn't know any spells.

Dungeon Overview and Level Annotations

Branches:
Dungeon (1/1)

Altars:
Elyvilon
Kikubaaqudgha
Okawaru
Sif Muna
Trog
Uskayaw
Vehumet
Zin
The Shining One
Beogh


Innate Abilities, Weirdness & Mutations

You are too large for most types of armour.
You have claws for hands.
Your metabolism is lightning-fast.
You like to eat raw meat.
Your natural rate of healing is unusually fast.
You are covered in fur. (AC +1)
You have very tough skin. (AC +2)
You possess an exceptional clarity of mind.
Your mind is very acute. (Int +4)
Your flesh is cold resistant. (rC+)
You evolve.


Message History

Your ogre barely misses the human.
The human hits you with a short sword.
* * * LOW HITPOINT WARNING * * *
Your ogre barely misses the human.
The human hits you but does no damage.
Unknown command.
You sock the human! You burn the human.
The human is heavily wounded.
Your ogre hits the human with a giant club!!
The human hits your ogre with a short sword! x2
Your ogre misses the human. You hit the human but do no damage.
Sparks of electricity dance between the human's hands.
The human is severely wounded.
The human hits you with a short sword.
* * * LOW HITPOINT WARNING * * *
Your ogre misses the human. The human barely misses you.
You miss the human.
The human is severely wounded.
You feel yourself speed up.
Your ogre completely misses the human.
The human hits you with a short sword!
You die...

▓ ▓▓▓ ####
##.#########
...#####..#___#__[
....#..#..#...#__
#...#..#..###'#'###+##
##..##'#..#...†Op....#
##..###...'.⌠...@....#
#.÷####...#...######+#
#..###....#.⌠.#
...##.....#...#
...#÷.....#)###
.##.#.....#...#
.#####....#___# ▓▓
▓▓▓▓▓▓▓▓▓▓


You could see a human (berserk) and a friendly ogre (berserk).

Vanquished Creatures
  A deep elf mage (D)
  A water elemental (D)
  A wizard (D)
  Crazy Yiuf (D)
  2 humans (D)
  A kobold demonologist (D)
  2 oozes (D)
  2 rats (D)
11 creatures vanquished.

Vanquished Creatures (others)
  2 draconian scorchers (D)
  6 hellions (D)
  A yaktaur (D)
  A plant (D)
10 creatures vanquished.

Grand Total: 21 creatures vanquished

Notes
Turn   | Place    | Note
-------+----------+-------------------------------------------
     0 | D        | dvd the Troll Berserker began the quest for the Orb.
     0 | D        | Reached XP level 1. HP: 22/22 MP: 0/0
     9 | D        | Reached skill level 3 in Maces & Flails
    17 | D        | Reached XP level 2. HP: 31/31 MP: 1/1
    33 | D        | Reached ** piety under Trog
    52 | D        | Noticed Crazy Yiuf
    57 | D        | Killed Crazy Yiuf
    57 | D        | Reached skill level 4 in Maces & Flails
    57 | D        | Reached XP level 3. HP: 39/39 MP: 2/2
    65 | D        | Reached skill level 5 in Maces & Flails
    79 | D        | Killed a hellion
   106 | D        | Killed a hellion
   109 | D        | Killed a hellion
   112 | D        | Gained mutation: Your mind is acute. (Int +2) [potion of mutation]
   112 | D        | Gained mutation: You evolve. [potion of mutation]
   112 | D        | Gained mutation: Your flesh is cold resistant. (rC+) [potion of mutation]
   113 | D        | Gained mutation: You possess an exceptional clarity of mind. [potion of mutation]
   113 | D        | Gained mutation: Your mind is very acute. (Int +4) [potion of mutation]
   118 | D        | Noticed a water elemental
   120 | D        | Killed a hellion
   122 | D        | Killed a water elemental
   122 | D        | Reached *** piety under Trog
   122 | D        | Reached skill level 5 in Fighting
   122 | D        | Reached skill level 6 in Maces & Flails
   122 | D        | Reached XP level 4. HP: 50/50 MP: 3/3
   124 | D        | Killed a yaktaur
   146 | D        | Killed a white draconian scorcher
   157 | D        | Killed a white draconian scorcher
   161 | D        | Found a radiant altar of Vehumet.
   161 | D        | Found a deep blue altar of Sif Muna.
   161 | D        | Found an ancient bone altar of Kikubaaqudgha.
   161 | D        | Noticed a wizard
   162 | D        | Paralysed by a wizard for 6 turns
   169 | D        | Killed a wizard
   169 | D        | Reached XP level 5. HP: 57/57 MP: 4/4
   185 | D        | Reached **** piety under Trog
   185 | D        | Reached ***** piety under Trog
   185 | D        | Killed a hellion
   190 | D        | Killed a hellion
   200 | D        | Found a glowing silver altar of Zin.
   200 | D        | Found a glowing golden altar of the Shining One.
   200 | D        | Found a white marble altar of Elyvilon.
   201 | D        | Noticed a deep elf mage
   208 | D        | Killed a deep elf mage
   208 | D        | Reached skill level 9 in Maces & Flails
   208 | D        | Reached XP level 6. HP: 71/71 MP: 5/5
   208 | D        | Reached XP level 7. HP: 78/78 MP: 6/6
   225 | D        | Found a hide-covered altar of Uskayaw.
   225 | D        | Found a roughly hewn altar of Beogh.
   225 | D        | Found an iron altar of Okawaru.
   225 | D        | Found a bloodstained altar of Trog.
   225 | D        | Noticed a human
   230 | D        | Noticed a human
   231 | D        | Killed a human
   231 | D        | Reached skill level 10 in Maces & Flails
   235 | D        | HP: 1/79 [human/short sword (5)]
   239 | D        | Mangled by a human

Skill      XL: |  1  2  3  4  5  6  7 |
---------------+----------------------+-----
Maces & Flails | 3 4 6 9 10 | 10.0
Fighting       | 3 5 7 |  7.9
Dodging        | 3 4 6 7 |  7.2
Staves         | 2 |  2.4

Action                   |  1- 3 |  4- 6 |  7- 9 || total
-------------------------+-------+-------+-------++-------
Melee: Mace              |    21 |       |       ||    21
       Quarterstaff      |     2 |     6 |     9 ||    17
Invok: Berserk           |     2 |     2 |       ||     4
       Burn Spellbooks   |       |     1 |       ||     1
       Brothers in Arms  |       |       |     1 ||     1
  Use: Potion            |     3 |       |     1 ||     4
  Eat: Chunk             |     5 |     4 |     2 ||    11
Armor: Animal skin       |     4 |     1 |     2 ||     7
Dodge: Dodged            |     9 |     1 |     5 ||    15
